 Dungeon Crawl Stone Soup version 0.21-a0-401-g0b6bec4 (webtiles) character file.

159 Mitsuki the Skirmisher (level 5, 0/47 HPs)
             Began as a Hill Orc Fighter on Oct 25, 2017.
             Slain by a gnoll
             ... wielding a +0 flail
              (4 damage)
             ... on level 1 of the Dungeon.
             The game lasted 00:03:04 (1629 turns).

Mitsuki the Skirmisher (Hill Orc Fighter)           Turns: 1629, Time: 00:03:05

Health: 0/47       AC:  7    Str: 20    XL:     5   Next: 40%
Magic:  5/5        EV:  7    Int:  8    God:
Gold:   92         SH:  9    Dex: 10    Spells: 4/4 levels left

rFire    . . .     SeeInvis .   a - +0 flail
rCold    . . .     Gourm    .   c - +0 shield
rNeg     . . .     Faith    .   b - +0 scale mail
rPois    .         Spirit   .   (no helmet)
rElec    .         Reflect  .   (no cloak)
rCorr    .         Harm     .   (no gloves)
MR       .....                  (no boots)
Stlth    ..........             (no amulet)
HPRegen  0.15/turn              (no ring)
MPRegen  0.09/turn              (no ring)

@: no status effects
A: no striking features
a: no special abilities


You were on level 1 of the Dungeon.
You were not hungry.

You visited 1 branch of the dungeon, and saw 2 of its levels.

You collected 92 gold pieces.

Inventory:

Hand Weapons
 a - a +0 flail (weapon)
Armour
 b - a +0 scale mail (worn)
 c - a +0 shield (worn)
Scrolls
 e - a scroll of remove curse {unknown}
 j - a scroll of fog {unknown}
 k - a scroll of enchant weapon {unknown}
 l - a scroll of enchant armour {unknown}
 m - 2 scrolls of identify {unknown}
 o - a scroll of recharging {unknown}
Potions
 d - a potion of might
 g - a potion of flight {unknown}
 h - 2 potions of curing {unknown}
 n - a potion of berserk rage {unknown}
Comestibles
 f - 3 bread rations


   Skills:
 + Level 4.7 Fighting
 + Level 3.5 Maces & Flails
 + Level 4.3 Armour
 + Level 4.2 Shields


You had 4 spell levels left.
You didn't know any spells.

Dungeon Overview and Level Annotations

Branches:
Dungeon (2/15)

Altars:


Message History

* * * LOW HITPOINT WARNING * * *
You take 3 damage, and have 14/47 hp.
You closely miss the gnoll.
The gnoll is moderately wounded.
The gnoll hits you with a whip.
* * * LOW HITPOINT WARNING * * *
The gnoll hits you from afar with a spear.
* * * LOW HITPOINT WARNING * * *
The gnoll barely misses you. The gnoll hits you but does no damage.
You take 4 damage, and have 10/47 hp.
There is a stone staircase leading up here.
The gnoll hits you with a flail!
* * * LOW HITPOINT WARNING * * *
The gnoll hits you from afar with a spear.
* * * LOW HITPOINT WARNING * * *
You climb upwards.
There is a stone staircase leading down here.
You take 9 damage, and have 4/47 hp.
You closely miss the gnoll. The gnoll hits you with a flail.
You die...

...#.#....#...#..#...♣...P≈≈≈≈♣#
.....#....##..#..#.#≈≈....P≈≈≈P#
...###........#....♣♣≈≈..≈≈≈≈≈≈♣#
...# #...##.#..#.##♣≈P...≈≈≈≈≈≈≈♣
...# ###..........♣♣P≈≈...≈≈≈≈≈≈♣
######....#.......♣♣≈≈≈...≈≈P≈≈♣♣
..........#..#....♣♣≈≈≈...≈P≈≈P≈♣
...#####..#.....g#♣♣≈≈≈...≈PP≈≈P≈
...#.#.#..#..#..@#♣♣≈PP....≈PP≈≈♣
...#......####....#♣♣≈)≈..≈P≈≈♣≈#
...#.#)#............(♣)P...≈♣.###
...#####.#.######...#♣♣≈..PP..#
.........#...#..'...##♣≈......#
......##.###.#..#.....≈♣....###
####.###.....##.#...........##
.....# ########.#............#
.##### #.###.#........#


You could see a gnoll.

Vanquished Creatures
  A centaur (D:2)
  A gnoll (D:2)
  An adder (D:2)
  An ooze (D:2)
  A worm (D:2)
  2 dart slugs
  A leopard gecko (D:1)
  A ball python (D:2)
  8 bats
  4 giant cockroaches
  5 goblins
  7 hobgoblins
  5 kobolds (D:1)
  7 frilled lizards
  10 rats
  2 plants (D:1)
57 creatures vanquished.

Notes
Turn   | Place    | Note
-------+----------+-------------------------------------------
     0 | D:1      | Mitsuki the Hill Orc Fighter began the quest for the Orb.
     0 | D:1      | Reached XP level 1. HP: 19/19 MP: 1/1
   291 | D:1      | Reached XP level 2. HP: 27/27 MP: 2/2
   590 | D:1      | Reached XP level 3. HP: 29/33 MP: 3/3
   982 | D:2      | Noticed a centaur
  1129 | D:2      | Killed a centaur
  1129 | D:2      | Reached XP level 4. HP: 11/41 MP: 4/4
  1129 | D:2      | Reached XP level 5. HP: 13/47 MP: 5/5
  1629 | D:1      | Slain by a gnoll

Vault maps used:
D:1:      dpeg_arrival_tiny_c, serial_bayou, serial_bayou_lagoon_a,
          serial_bayou_ford_a, serial_bayou_crossing, serial_bayou_pond_c,
          minmay_split_cup_small

Skill      XL: |  1  2  3 |
---------------+----------+-----
Fighting       | 4 |  4.7
Maces & Flails | 3 |  3.5
Armour         | 4 |  4.3
Shields        | 4 |  4.2

Action                   |  1- 3 |  4- 6 || total
-------------------------+-------+-------++-------
Melee: Flail             |   170 |    84 ||   254
  Eat: Chunk             |     1 |     2 ||     3
Armor: Scale mail        |    63 |    47 ||   110
Dodge: Dodged            |    37 |    37 ||    74
Block: Shield            |    74 |    54 ||   128

Table legend:
 A = Spawn XP
 B = Non-spawn XP
 C = Spawn XP percentage of total XP
 D = Spawn monster count
 E = Non-spawn monster count
 F = Spawn count percentage of total count
 G = Total turns spent on level
                    A         B        C        D         E        F      G
               +---------+---------+-------+---------+---------+-------+---------
         Total |       0 |     228 |   0.0 |       0 |      55 |   0.0 |  1629
               +---------+---------+-------+---------+---------+-------+---------
           D:1 |       0 |      45 |   0.0 |       0 |      31 |   0.0 |   983
           D:2 |       0 |     183 |   0.0 |       0 |      24 |   0.0 |   646
               +---------+---------+-------+---------+---------+-------+---------
